TOP OF THE 1ST |
Rome Braves batting - Pitching for State College Spikes : RHP Vince DeFord
|
Pitching: RHP Vince DeFord
|
|
Batting: RHB Rafael Reyes
|
0-0: Called Strike 0-1: Ground out 1-3 (Groundball, 15S, EV 74.4 MPH)
|
Batting: RHB Zheng-ze King
|
0-0: Bunt missed! 0-1: Ball 1-1: Foul Ball, location: 2F 1-2: Strikes out swinging
|
Batting: LHB Tamaichi Sasada
|
0-0: Foul Ball, location: 2F 0-1: Ball 1-1: Foul Ball, location: 2F 1-2: Fly out, F7 (Line Drive, 7, EV 106.2 MPH)
|
Top of the 1st over - 0 runs, 0 hits, 0 errors, 0 left on base; Rome 0 - State College 0 |
BOTTOM OF THE 1ST |
State College Spikes batting - Pitching for Rome Braves : RHP Marvin Rosas
|
Pitching: RHP Marvin Rosas
|
|
Batting: RHB Tim Cleary
|
0-0: Ground out 6-3 (Groundball, 6, EV 85.0 MPH)
|
Batting: RHB Ben Politi
|
0-0: Ball 1-0: Called Strike 1-1: Ball 2-1: Ball 3-1: Ground out 1-3 (Groundball, 13, EV 68.1 MPH)
|
Batting: LHB Ken Morehead
|
0-0: Called Strike 0-1: Ball 1-1: Foul Ball, location: 2F 1-2: Strikes out swinging
|
Bottom of the 1st over - 0 runs, 0 hits, 0 errors, 0 left on base; Rome 0 - State College 0 |
TOP OF THE 2ND |
Rome Braves batting - Pitching for State College Spikes : RHP Vince DeFord
|
Batting: RHB Armando Moz
|
0-0: Called Strike 0-1: Ball 1-1: Ball 2-1: Ball 3-1: Called Strike 3-2: Foul Ball, location: 2F 3-2: Base on Balls
|
Batting: RHB Gebre-Giorgios Wangondu
|
0-0: Ball 1-0: Ball 2-0: Ball 3-0: Called Strike 3-1: Base on Balls Armando Moz to second
|
Batting: RHB Adonis Jenifer
|
0-0: Foul Ball, location: 2F 0-1: Grounds into double play, 6-4-3 (Groundball, 6S, EV 82.5 MPH) Armando Moz to third
|
Batting: RHB Dave Pizarro
|
0-0: Fly out, F8 (Flyball, 8RM, EV 93.8 MPH)
|
Top of the 2nd over - 0 runs, 0 hits, 0 errors, 1 left on base; Rome 0 - State College 0 |
BOTTOM OF THE 2ND |
State College Spikes batting - Pitching for Rome Braves : RHP Marvin Rosas
|
Batting: RHB Tommy Tracy
|
0-0: Ball 1-0: Ball 2-0: Ball 3-0: Called Strike 3-1: Ground out 6-3 (Groundball, 6, EV 89.4 MPH)
|
Batting: RHB Kyle Burns
|
0-0: Fly out, F7 (Line Drive, 78M, EV 107.5 MPH)
|
Batting: LHB Keith Rice
|
0-0: Ground out 6-3 (Groundball, 6, EV 88.1 MPH)
|
Bottom of the 2nd over - 0 runs, 0 hits, 0 errors, 0 left on base; Rome 0 - State College 0 |
TOP OF THE 3RD |
Rome Braves batting - Pitching for State College Spikes : RHP Vince DeFord
|
Batting: RHB Phil Holman
|
0-0: Ball 1-0: Foul Ball, location: 2F 1-1: Swinging Strike 1-2: Ball 2-2: Foul Ball, location: 2F 2-2: Foul Ball, location: 2F 2-2: Ground out 1-3 (Groundball, 13S, EV 71.9 MPH)
|
Batting: RHB Tetsuro Sato
|
0-0: Ground out 1-3 (Groundball, 13S, EV 73.8 MPH)
|
Batting: RHB Rafael Reyes
|
0-0: Called Strike 0-1: Called Strike 0-2: DOUBLE (Line Drive, 3D, EV 97.5 MPH)
|
Batting: RHB Zheng-ze King
|
0-0: Called Strike 0-1: Foul Ball, location: 2F 0-2: Ball 1-2: Ball 2-2: DOUBLE (Groundball, 5L, EV 95.0 MPH) Rafael Reyes scores
|
Batting: LHB Tamaichi Sasada
|
0-0: Ball 1-0: Called Strike 1-1: Foul Ball, location: 2F 1-2: Hit by Pitch
|
Batting: RHB Armando Moz
|
0-0: Called Strike 0-1: Foul Ball, location: 2F 0-2: Ball 1-2: Ball 2-2: Strikes out swinging
|
Top of the 3rd over - 1 run, 2 hits, 0 errors, 2 left on base; Rome 1 - State College 0 |
BOTTOM OF THE 3RD |
State College Spikes batting - Pitching for Rome Braves : RHP Marvin Rosas
|
Batting: LHB Billy Lang
|
0-0: Ball 1-0: Swinging Strike 1-1: Swinging Strike 1-2: Strikes out looking
|
Batting: RHB Bobby Miles
|
0-0: Called Strike 0-1: Called Strike 0-2: Ball 1-2: Ball 2-2: Fly out, F7 (Line Drive, 7S, EV 105.6 MPH)
|
Batting: RHB Vic Nelson
|
0-0: Ball 1-0: SINGLE (Groundball, 4MD, EV 95.6 MPH)
|
Batting: RHB Tim Cleary
|
0-0: Foul Ball, location: 2F 0-1: Ball 1-1: Ball Vic Nelson is caught stealing 2nd base 2-4
|
Bottom of the 3rd over - 0 runs, 1 hit, 0 errors, 0 left on base; Rome 1 - State College 0 |
TOP OF THE 4TH |
Rome Braves batting - Pitching for State College Spikes : RHP Vince DeFord
|
Batting: RHB Gebre-Giorgios Wangondu
|
0-0: Ball 1-0: Ball 2-0: Ball 3-0: Called Strike 3-1: Swinging Strike 3-2: Foul Ball, location: 2F 3-2: Foul Ball, location: 2F 3-2: Strikes out swinging
|
Batting: RHB Adonis Jenifer
|
0-0: Called Strike 0-1: Swinging Strike 0-2: Ball 1-2: Ball 2-2: SINGLE (Groundball, 6M, EV 88.1 MPH) (infield hit)
|
Batting: RHB Dave Pizarro
|
0-0: Ball 1-0: Called Strike 1-1: Swinging Strike 1-2: Strikes out swinging
|
Batting: RHB Phil Holman
|
0-0: Fielders Choice at 2nd, 6-4 (Groundball, 6, EV 78.8 MPH)
|
Top of the 4th over - 0 runs, 1 hit, 0 errors, 1 left on base; Rome 1 - State College 0 |
BOTTOM OF THE 4TH |
State College Spikes batting - Pitching for Rome Braves : RHP Marvin Rosas
|
Batting: RHB Tim Cleary
|
0-0: Ball 1-0: Fly out, F8 (Flyball, 8LXD, EV 83.8 MPH)
|
Batting: RHB Ben Politi
|
0-0: Ball 1-0: Ground out 4-3 (Groundball, 4, EV 85.6 MPH)
|
Batting: LHB Ken Morehead
|
0-0: Ball 1-0: Foul Ball, location: 2F 1-1: Ball 2-1: Foul Ball, location: 2F 2-2: Ball 3-2: Base on Balls
|
Batting: RHB Tommy Tracy
|
0-0: Swinging Strike 0-1: Ball 1-1: Foul Ball, location: 2F 1-2: Ball 2-2: Strikes out looking
|
Bottom of the 4th over - 0 runs, 0 hits, 0 errors, 1 left on base; Rome 1 - State College 0 |
TOP OF THE 5TH |
Rome Braves batting - Pitching for State College Spikes : RHP Vince DeFord
|
Batting: RHB Tetsuro Sato
|
0-0: Foul Ball, location: 2F 0-1: Called Strike 0-2: Strikes out swinging
|
Batting: RHB Rafael Reyes
|
0-0: Ground out 1-3 (Groundball, P, EV 74.4 MPH)
|
Batting: RHB Zheng-ze King
|
0-0: Foul Ball, location: 2F 0-1: Swinging Strike 0-2: Foul Ball, location: 2F 0-2: Strikes out swinging
|
Top of the 5th over - 0 runs, 0 hits, 0 errors, 0 left on base; Rome 1 - State College 0 |
BOTTOM OF THE 5TH |
State College Spikes batting - Pitching for Rome Braves : RHP Marvin Rosas
|
Batting: RHB Kyle Burns
|
0-0: Ball 1-0: Fly out, F8 (Line Drive, 8RM, EV 92.5 MPH)
|
Batting: LHB Keith Rice
|
0-0: Called Strike 0-1: Swinging Strike 0-2: Strikes out swinging, 2-3 out at first.
|
Batting: LHB Billy Lang
|
0-0: Ball 1-0: Called Strike 1-1: Swinging Strike 1-2: Foul Ball, location: 2F 1-2: Ball 2-2: Ball 3-2: Strikes out swinging
|
Bottom of the 5th over - 0 runs, 0 hits, 0 errors, 0 left on base; Rome 1 - State College 0 |
TOP OF THE 6TH |
Rome Braves batting - Pitching for State College Spikes : RHP Vince DeFord
|
Batting: LHB Tamaichi Sasada
|
0-0: Ball 1-0: Ball 2-0: Ball 3-0: Called Strike 3-1: Fly out, F2 (Popup, 2LF, EV 94.4 MPH)
|
Batting: RHB Armando Moz
|
0-0: Ball 1-0: Ball 2-0: Ball 3-0: Base on Balls
|
Batting: RHB Gebre-Giorgios Wangondu
|
0-0: Swinging Strike 0-1: Foul Ball, location: 2F 0-2: Ball 1-2: Ball 2-2: Ball 3-2: Strikes out swinging
|
Pitching: LHP Andy Huguet
|
|
Batting: RHB Adonis Jenifer
|
0-0: Foul Ball, location: 2F 0-1: Ball 1-1: Ball 2-1: Foul Ball, location: 2F 2-2: Fly out, F9 (Flyball, 9LS, EV 75.6 MPH)
|
Top of the 6th over - 0 runs, 0 hits, 0 errors, 1 left on base; Rome 1 - State College 0 |
BOTTOM OF THE 6TH |
State College Spikes batting - Pitching for Rome Braves : RHP Marvin Rosas
|
Pitching: RHP Wami Benthami
|
|
Batting: RHB Bobby Miles
|
0-0: Ball 1-0: Ball 2-0: Ball 3-0: Called Strike 3-1: Foul Ball, location: 2F 3-2: Strikes out swinging
|
Batting: RHB Vic Nelson
|
0-0: Ball 1-0: Called Strike 1-1: Ball 2-1: Foul Ball, location: 2F 2-2: SINGLE (Groundball, 6MD, EV 96.9 MPH)
|
Batting: RHB Tim Cleary
|
0-0: Swinging Strike 0-1: SINGLE (Groundball, 6D, EV 110.0 MPH) Vic Nelson to second
|
Batting: RHB Ben Politi
|
0-0: Swinging Strike 0-1: Ball 1-1: Swinging Strike 1-2: Strikes out looking
|
Batting: LHB Ken Morehead
|
0-0: Ball 1-0: Called Strike 1-1: Called Strike 1-2: Foul Ball, location: 2F 1-2: 3-RUN HOME RUN (Flyball, 7LD, EV 91.2 MPH), Distance : 346 ft
|
Pitching: RHP Seriozha Darzinsh
|
|
Batting: RHB Tommy Tracy
|
0-0: Ball 1-0: Ball 2-0: Called Strike 2-1: Foul Ball, location: 2F 2-2: Foul Ball, location: 2F 2-2: Ball 3-2: Foul Ball, location: 2F 3-2: Foul Ball, location: 2F 3-2: Strikes out swinging
|
Bottom of the 6th over - 3 runs, 3 hits, 0 errors, 0 left on base; Rome 1 - State College 3 |
TOP OF THE 7TH |
Rome Braves batting - Pitching for State College Spikes : LHP Andy Huguet
|
Batting: RHB Dave Pizarro
|
0-0: Called Strike 0-1: Fly out, F7 (Flyball, 78M, EV 88.8 MPH)
|
Batting: RHB Phil Holman
|
0-0: Ball 1-0: Called Strike 1-1: Foul Ball, location: 2F 1-2: Ball 2-2: Ball 3-2: Ground out 6-3 (Groundball, 56, EV 104.4 MPH)
|
Batting: RHB Tetsuro Sato
|
0-0: Ball 1-0: Foul Ball, location: 2F 1-1: Ball 2-1: Foul Ball, location: 2F 2-2: Ball 3-2: Strikes out swinging
|
Top of the 7th over - 0 runs, 0 hits, 0 errors, 0 left on base; Rome 1 - State College 3 |
BOTTOM OF THE 7TH |
State College Spikes batting - Pitching for Rome Braves : RHP Seriozha Darzinsh
|
Batting: RHB Kyle Burns
|
0-0: Called Strike 0-1: Fly out, F8 (Flyball, 8LM, EV 85.6 MPH)
|
Batting: LHB Keith Rice
|
0-0: Foul Ball, location: 2F 0-1: Ball 1-1: Reached via error on a dropped throw from P, E3 (Groundball, P, EV 63.1 MPH)
|
Batting: LHB Billy Lang
|
0-0: Ball 1-0: Called Strike 1-1: Foul Ball, location: 2F 1-2: Ball 2-2: Ball 3-2: Base on Balls Keith Rice to second
|
Batting: RHB Bobby Miles
|
0-0: Fly out, F8 (Flyball, 89M, EV 89.4 MPH)
|
Batting: RHB Vic Nelson
|
0-0: Ball 1-0: Called Strike 1-1: Ball 2-1: Foul Ball, location: 2F 2-2: Strikes out looking
|
Bottom of the 7th over - 0 runs, 0 hits, 1 error, 2 left on base; Rome 1 - State College 3 |
TOP OF THE 8TH |
Rome Braves batting - Pitching for State College Spikes : LHP Andy Huguet
|
Batting: RHB Rafael Reyes
|
0-0: Called Strike 0-1: SINGLE (Groundball, 25, EV 70.6 MPH) (infield hit)
|
Batting: RHB Zheng-ze King
|
0-0: Ball 1-0: Ball 2-0: Called Strike 2-1: Swinging Strike 2-2: Strikes out looking
|
Batting: LHB Tamaichi Sasada
|
0-0: Called Strike 0-1: Called Strike 0-2: Ball 1-2: Ball 2-2: Foul Ball, location: 2F 2-2: Foul Ball, location: 2F 2-2: Fielders Choice at 2nd, 4-6 (Groundball, 4, EV 80.0 MPH)
|
Batting: RHB Armando Moz
|
0-0: Ball 1-0: Foul Ball, location: 2F 1-1: TRIPLE (Flyball, 7D, EV 99.4 MPH) Tamaichi Sasada scores
|
Pitching: RHP Alex Andrade
|
|
Batting: RHB Gebre-Giorgios Wangondu
|
0-0: Ball 1-0: Ball 2-0: Ball 3-0: Base on Balls
|
Batting: RHB Adonis Jenifer
|
0-0: Ball 1-0: Called Strike 1-1: Ball 2-1: Fly out, F8 (Line Drive, 89D, EV 87.5 MPH)
|
Top of the 8th over - 1 run, 2 hits, 0 errors, 2 left on base; Rome 2 - State College 3 |
BOTTOM OF THE 8TH |
State College Spikes batting - Pitching for Rome Braves : RHP Seriozha Darzinsh
|
Batting: RHB Tim Cleary
|
0-0: Called Strike 0-1: Ball 1-1: Ball 2-1: Ball 3-1: SINGLE (Groundball, 34D, EV 108.8 MPH)
|
Pitching: LHP Steve Young
|
|
Batting: RHB Ben Politi
|
0-0: Ball 1-0: Called Strike Tim Cleary steals 2nd base 1-1: Swinging Strike 1-2: Ball 2-2: Foul Ball, location: 2F 2-2: Ball 3-2: Foul Ball, location: 2F 3-2: Reached on error, E2 (Groundball, 2L, EV 72.5 MPH) Tim Cleary to third
|
Batting: LHB Ken Morehead
|
0-0: Ball 1-0: Called Strike 1-1: Ball 2-1: Foul Ball, location: 2F 2-2: Strikes out looking
|
Batting: RHB Tommy Tracy
|
0-0: Called Strike 0-1: Ball 1-1: SINGLE (Line Drive, 9LS, EV 91.2 MPH) Tim Cleary scores Ben Politi to second
|
Batting: RHB Kyle Burns
|
0-0: Called Strike 0-1: Grounds into double play, 5-4-3 (Groundball, 56, EV 105.6 MPH)
|
Bottom of the 8th over - 1 run, 2 hits, 1 error, 1 left on base; Rome 2 - State College 4 |
TOP OF THE 9TH |
Rome Braves batting - Pitching for State College Spikes : RHP Alex Andrade
|
Batting: RHB Dave Pizarro
|
0-0: SOLO HOME RUN (Flyball, 9LD, EV 96.2 MPH), Distance : 352 ft
|
Pinch Hitting: RHB Josh McCormick
|
0-0: Ground out 4-3 (Groundball, 34D, EV 110.0 MPH)
|
Batting: RHB Tetsuro Sato
|
0-0: Ball 1-0: Fly out, F3 (Line Drive, 3, EV 67.5 MPH)
|
Batting: RHB Rafael Reyes
|
0-0: SINGLE (Flyball, 8RD, EV 106.2 MPH)
|
Batting: RHB Zheng-ze King
|
0-0: Ball 1-0: Foul Ball, location: 2F 1-1: Ball 2-1: Foul Ball, location: 2F 2-2: Ball Passed Ball! Rafael Reyes to second 3-2: Foul Ball, location: 2F 3-2: Hit by Pitch
|
Pitching: LHP Brandon Davis
|
|
Batting: LHB Tamaichi Sasada
|
0-0: Called Strike 0-1: Ball 1-1: SINGLE (Line Drive, 78S, EV 105.6 MPH) Rafael Reyes to third Zheng-ze King to second Runner from 3rd tries for Home, SAFE, throw by CF to home
|
Pitching: RHP Jon Davis
|
|
Batting: RHB Armando Moz
|
0-0: Ball 1-0: Swinging Strike 1-1: Foul Ball, location: 2F 1-2: Ball 2-2: Ground out 6-3 (Groundball, 6MS, EV 82.5 MPH)
|
Top of the 9th over - 2 runs, 3 hits, 0 errors, 2 left on base; Rome 4 - State College 4 |
BOTTOM OF THE 9TH |
State College Spikes batting - Pitching for Rome Braves : LHP Steve Young
|
Now at SS: Vicente Guillen
|
|
Pinch Hitting: RHB Fekadu Alhaadi
|
0-0: Foul Ball, location: 2F 0-1: Ball 1-1: Ball 2-1: Called Strike 2-2: Ball 3-2: Foul Ball, location: 2F 3-2: Ground out 6-3 (Groundball, 6, EV 81.2 MPH)
|
Pinch Hitting: RHB Bernard Claude
|
0-0: Swinging Strike 0-1: Swinging Strike 0-2: Strikes out looking
|
Batting: RHB Bobby Miles
|
0-0: Ball 1-0: Foul Ball, location: 2F 1-1: Foul Ball, location: 2F 1-2: Foul Ball, location: 2F 1-2: Reached on error, E6 (Groundball, 6, EV 98.8 MPH)
|
Pitching: RHP Jeremy Hurley
|
|
Batting: RHB Vic Nelson
|
0-0: Called Strike 0-1: Ball 1-1: Called Strike 1-2: Ball 2-2: Strikes out swinging
|
Bottom of the 9th over - 0 runs, 0 hits, 1 error, 1 left on base; Rome 4 - State College 4 |
TOP OF THE 10TH |
Rome Braves batting - Pitching for State College Spikes : RHP Jon Davis
|
Now at 2B: Bernard Claude
|
|
Now at 3B: Tim Cleary
|
|
Now in LF: Fekadu Alhaadi
|
|
Batting: RHB Gebre-Giorgios Wangondu
|
0-0: Ball 1-0: Foul Ball, location: 2F 1-1: Swinging Strike 1-2: Foul Ball, location: 2F 1-2: Ball 2-2: Ball 3-2: Strikes out swinging
|
Batting: RHB Adonis Jenifer
|
0-0: Called Strike 0-1: Ground out 6-3 (Groundball, 56, EV 81.2 MPH)
|
Batting: RHB Dave Pizarro
|
0-0: Ball 1-0: Called Strike 1-1: Ball 2-1: Swinging Strike 2-2: Strikes out looking
|
Top of the 10th over - 0 runs, 0 hits, 0 errors, 0 left on base; Rome 4 - State College 4 |
BOTTOM OF THE 10TH |
State College Spikes batting - Pitching for Rome Braves : RHP Jeremy Hurley
|
Pitching: RHP Gordon Cushing
|
|
Batting: RHB Tim Cleary
|
0-0: Ball 1-0: Ball 2-0: Ball 3-0: Called Strike 3-1: Swinging Strike 3-2: Strikes out swinging, 2-3 out at first.
|
Batting: RHB Ben Politi
|
0-0: Ball 1-0: Foul Ball, location: 2F 1-1: Swinging Strike 1-2: Ball 2-2: Ball 3-2: Strikes out swinging
|
Batting: LHB Ken Morehead
|
0-0: Ball 1-0: Ball 2-0: Foul Ball, location: 2F 2-1: Swinging Strike 2-2: Strikes out swinging
|
Bottom of the 10th over - 0 runs, 0 hits, 0 errors, 0 left on base; Rome 4 - State College 4 |
TOP OF THE 11TH |
Rome Braves batting - Pitching for State College Spikes : RHP Jon Davis
|
Batting: RHB Vicente Guillen
|
0-0: Called Strike 0-1: SINGLE (Line Drive, 56, EV 94.4 MPH)
|
Batting: RHB Tetsuro Sato
|
0-0: Ball Vicente Guillen is caught stealing 2nd base 2-4 1-0: Ground out 6-3 (Groundball, 56, EV 83.8 MPH)
|
Batting: RHB Rafael Reyes
|
0-0: Called Strike 0-1: Foul Ball, location: 2F 0-2: Ground out 5-3 (Groundball, 56S, EV 88.1 MPH)
|
Top of the 11th over - 0 runs, 1 hit, 0 errors, 0 left on base; Rome 4 - State College 4 |
BOTTOM OF THE 11TH |
State College Spikes batting - Pitching for Rome Braves : RHP Gordon Cushing
|
Batting: RHB Tommy Tracy
|
0-0: Ball 1-0: Ball 2-0: Ball 3-0: Called Strike 3-1: Base on Balls
|
Batting: RHB Kyle Burns
|
0-0: Ball Tommy Tracy steals 2nd base 1-0: Fly out, F3 (Line Drive, 34, EV 73.8 MPH)
|
Batting: RHB Fekadu Alhaadi
|
0-0: Intentional Walk
|
Batting: RHB Bernard Claude
|
0-0: Ball 1-0: Bunted foul 1-1: Sac Bunt to 2R - play at first, batter OUT! 2-4 Tommy Tracy to third Fekadu Alhaadi to second
|
Pitching: RHP Bobby Feig
|
|
Batting: RHB Bobby Miles
|
0-0: Called Strike 0-1: Ball 1-1: Ground out 6-3 (Groundball, 6, EV 106.2 MPH)
|
Bottom of the 11th over - 0 runs, 0 hits, 0 errors, 2 left on base; Rome 4 - State College 4 |
TOP OF THE 12TH |
Rome Braves batting - Pitching for State College Spikes : RHP Jon Davis
|
Batting: RHB Zheng-ze King
|
0-0: Ball 1-0: Called Strike 1-1: Foul Ball, location: 2F 1-2: Ball 2-2: Ball 3-2: Foul Ball, location: 2F 3-2: SOLO HOME RUN (Flyball, 78XD, EV 109.4 MPH), Distance : 424 ft
|
Batting: LHB Tamaichi Sasada
|
0-0: Foul Ball, location: 2F 0-1: SINGLE (Groundball, 34D, EV 103.1 MPH)
|
Batting: RHB Armando Moz
|
0-0: Foul Ball, location: 2F 0-1: Called Strike 0-2: Ball 1-2: Foul Ball, location: 2F 1-2: Ball 2-2: Strikes out swinging
|
Batting: RHB Gebre-Giorgios Wangondu
|
0-0: Ball 1-0: Fly out, F8 (Flyball, 8LXD, EV 91.9 MPH)
|
Batting: RHB Adonis Jenifer
|
0-0: Called Strike 0-1: Ball Wild Pitch! Tamaichi Sasada to second 1-1: Swinging Strike 1-2: Strikes out swinging
|
Top of the 12th over - 1 run, 2 hits, 0 errors, 1 left on base; Rome 5 - State College 4 |
BOTTOM OF THE 12TH |
State College Spikes batting - Pitching for Rome Braves : RHP Bobby Feig
|
Batting: RHB Vic Nelson
|
0-0: Ground out 6-3 (Groundball, 56, EV 105.0 MPH)
|
Batting: RHB Tim Cleary
|
0-0: Ball 1-0: Ball 2-0: Ground out 6-3 (Groundball, 6, EV 82.5 MPH)
|
Batting: RHB Ben Politi
|
0-0: Called Strike 0-1: Fly out, F8 (Flyball, 8LXD, EV 89.4 MPH)
|
Bottom of the 12th over - 0 runs, 0 hits, 0 errors, 0 left on base; Rome 5 - State College 4 |
|